| TOP OF THE 1ST |
|
New Hampshire Fisher Cats batting - Pitching for Frisco RoughRiders : RHP Matt Stutzman
|
|
Pitching: RHP Matt Stutzman
|
|
|
Batting: SHB Spencer Jones
|
0-0: Ground out 4-3 (Groundball, 4, EV 87.5 MPH)
|
|
Batting: RHB Donny Burnside
|
0-0: Called Strike 0-1: Ball 1-1: Foul Ball, location: 2F 1-2: Ball 2-2: Strikes out swinging
|
|
Batting: LHB Jose Bregaro
|
0-0: SINGLE (Groundball, 34D, EV 104.4 MPH) (infield hit)
|
|
Batting: RHB Eddie LaRose
|
0-0: Ball Jose Bregaro steals 2nd base 1-0: Ball 2-0: Ball 3-0: Base on Balls
|
|
Batting: SHB Eduardo Maldonado
|
0-0: Called Strike 0-1: Ball 1-1: Ball 2-1: Ball 3-1: Base on Balls Jose Bregaro to third Eddie LaRose to second
|
|
Batting: RHB Nikita Schram
|
0-0: Called Strike 0-1: Ball 1-1: Foul Ball, location: 2F 1-2: Fly out, F9 (Flyball, 9S, EV 86.2 MPH)
|
| Top of the 1st over - 0 runs, 1 hit, 0 errors, 3 left on base; New Hampshire 0 - Frisco 0 |
| BOTTOM OF THE 1ST |
|
Frisco RoughRiders batting - Pitching for New Hampshire Fisher Cats : RHP Niclas Boman
|
|
Pitching: RHP Niclas Boman
|
|
|
Batting: RHB Zhi-bin Ou-yang
|
0-0: Fly out, F3 (Popup, 3F, EV 64.4 MPH)
|
|
Batting: LHB Gabriel Graves
|
0-0: Swinging Strike 0-1: Ball 1-1: Foul Ball, location: 2F 1-2: SINGLE (Groundball, 6D, EV 105.6 MPH)
|
|
Batting: LHB Alfonso Collazo
|
0-0: Ball 1-0: Called Strike 1-1: Fly out, F9 (Flyball, 9S, EV 86.2 MPH)
|
|
Batting: LHB Justin Balthazor
|
0-0: Called Strike 0-1: Ball 1-1: Foul Ball, location: 2F Pickoff Throw to First - Out! 1-3
|
| Bottom of the 1st over - 0 runs, 1 hit, 0 errors, 0 left on base; New Hampshire 0 - Frisco 0 |
| TOP OF THE 2ND |
|
New Hampshire Fisher Cats batting - Pitching for Frisco RoughRiders : RHP Matt Stutzman
|
|
Batting: RHB Charles Marcel
|
0-0: Ball 1-0: Called Strike 1-1: Swinging Strike 1-2: Foul Ball, location: 2F 1-2: Ground out 6-3 (Groundball, 6S, EV 87.5 MPH)
|
|
Batting: RHB Jorge Baret
|
0-0: Foul Ball, location: 2F 0-1: Ball 1-1: Foul Ball, location: 2F 1-2: Ball 2-2: Foul Ball, location: 2F 2-2: SINGLE (Groundball, 25, EV 63.1 MPH) (infield hit)
|
|
Batting: RHB Cyril Husson
|
0-0: Called Strike 0-1: Ball 1-1: Ball Jorge Baret is caught stealing 2nd base 2-4 2-1: Foul Ball, location: 2F 2-2: Ball 3-2: SINGLE (Groundball, 5S, EV 73.1 MPH) (infield hit)
|
|
Batting: SHB Spencer Jones
|
0-0: Ball 1-0: Called Strike 1-1: Ball Cyril Husson steals 2nd base 2-1: Foul Ball, location: 2F 2-2: Ball 3-2: Foul Ball, location: 2F 3-2: Foul Ball, location: 2F 3-2: Foul Ball, location: 2F 3-2: Foul Ball, location: 2F 3-2: Strikes out looking
|
| Top of the 2nd over - 0 runs, 2 hits, 0 errors, 1 left on base; New Hampshire 0 - Frisco 0 |
| BOTTOM OF THE 2ND |
|
Frisco RoughRiders batting - Pitching for New Hampshire Fisher Cats : RHP Niclas Boman
|
|
Batting: LHB Justin Balthazor
|
0-0: Ball 1-0: Foul Ball, location: 2F 1-1: Swinging Strike 1-2: Foul Ball, location: 2F 1-2: Ground out 4-3 (Groundball, 4, EV 81.2 MPH)
|
|
Batting: RHB Shoh Tanioka
|
0-0: Ball 1-0: Called Strike 1-1: Called Strike 1-2: SINGLE (Line Drive, 9S, EV 88.8 MPH)
|
|
Batting: LHB Mike Sammons
|
0-0: Called Strike 0-1: Foul Ball, location: 2F 0-2: SINGLE (Groundball, 4M, EV 102.5 MPH) (infield hit) Shoh Tanioka to second
|
|
Batting: RHB Nate Taylor
|
0-0: Ball 1-0: Foul Ball, location: 2F 1-1: Swinging Strike 1-2: Strikes out swinging
|
|
Batting: RHB Darnell Jones
|
0-0: Swinging Strike 0-1: Called Strike 0-2: Fly out, F7 (Flyball, 7LM, EV 94.4 MPH)
|
| Bottom of the 2nd over - 0 runs, 2 hits, 0 errors, 2 left on base; New Hampshire 0 - Frisco 0 |
| TOP OF THE 3RD |
|
New Hampshire Fisher Cats batting - Pitching for Frisco RoughRiders : RHP Matt Stutzman
|
|
Batting: RHB Donny Burnside
|
0-0: Called Strike 0-1: Ball 1-1: Called Strike 1-2: Strikes out swinging
|
|
Batting: LHB Jose Bregaro
|
0-0: Foul Ball, location: 2F 0-1: Swinging Strike 0-2: Ball 1-2: Foul Ball, location: 2F 1-2: Foul Ball, location: 2F 1-2: Ball 2-2: Ball 3-2: Foul Ball, location: 2F 3-2: Foul Ball, location: 2F 3-2: Strikes out looking
|
|
Batting: RHB Eddie LaRose
|
0-0: Ball 1-0: Foul Ball, location: 2F 1-1: Foul Ball, location: 2F 1-2: Ball 2-2: SINGLE (Groundball, 6MD, EV 103.8 MPH)
|
|
Batting: SHB Eduardo Maldonado
|
0-0: Ball Eddie LaRose is caught stealing 2nd base 2-6
|
| Top of the 3rd over - 0 runs, 1 hit, 0 errors, 0 left on base; New Hampshire 0 - Frisco 0 |
| BOTTOM OF THE 3RD |
|
Frisco RoughRiders batting - Pitching for New Hampshire Fisher Cats : RHP Niclas Boman
|
|
Batting: RHB Brandon Davis
|
0-0: Ball 1-0: DOUBLE (Flyball, 78XD, EV 107.5 MPH)
|
|
Batting: RHB Zhi-bin Ou-yang
|
0-0: Called Strike 0-1: Ball 1-1: Ball 2-1: Called Strike 2-2: Foul Ball, location: 2F 2-2: SINGLE (Groundball, 4S, EV 74.4 MPH) (infield hit) Brandon Davis to third
|
|
Batting: LHB Gabriel Graves
|
0-0: Ball 1-0: Fly out, F8 (Line Drive, 8RM, EV 96.9 MPH) Runner from 3rd tags up, SCORES, no throw by CF
|
|
Batting: LHB Alfonso Collazo
|
0-0: Called Strike 0-1: Ball 1-1: Swinging Strike 1-2: Strikes out swinging
|
|
Batting: LHB Justin Balthazor
|
0-0: Called Strike Zhi-bin Ou-yang steals 2nd base (no throw) 0-1: Ball 1-1: Foul Ball, location: 2F 1-2: Foul Ball, location: 2F 1-2: SINGLE (Flyball, 8LS, EV 95.0 MPH) Zhi-bin Ou-yang to third
|
|
Batting: RHB Shoh Tanioka
|
0-0: Ball 1-0: 3-RUN HOME RUN (Flyball, 7D, EV 98.1 MPH), Distance : 381 ft
|
|
Batting: LHB Mike Sammons
|
0-0: Called Strike 0-1: Called Strike 0-2: Ball 1-2: Strikes out swinging
|
| Bottom of the 3rd over - 4 runs, 4 hits, 0 errors, 0 left on base; New Hampshire 0 - Frisco 4 |
| TOP OF THE 4TH |
|
New Hampshire Fisher Cats batting - Pitching for Frisco RoughRiders : RHP Matt Stutzman
|
|
Batting: SHB Eduardo Maldonado
|
0-0: Fly out, F4 (Line Drive, 4, EV 68.8 MPH)
|
|
Batting: RHB Nikita Schram
|
0-0: Called Strike 0-1: Foul Ball, location: 2F 0-2: Ball 1-2: SINGLE (Line Drive, 7S, EV 88.1 MPH)
|
|
Batting: RHB Charles Marcel
|
0-0: Ball Nikita Schram steals 2nd base (no throw) 1-0: Called Strike 1-1: Ball Nikita Schram steals 3rd base 2-1: Ball 3-1: Swinging Strike 3-2: SINGLE (Groundball, 56D, EV 103.8 MPH) Nikita Schram scores
|
|
Batting: RHB Jorge Baret
|
0-0: Called Strike Charles Marcel steals 2nd base (no throw) 0-1: Fly out, F9 (Flyball, 9D, EV 91.2 MPH) Runner from 2nd tags up, SAFE at 3rd, no throw by RF
|
|
Batting: RHB Cyril Husson
|
0-0: Called Strike 0-1: Ball 1-1: Swinging Strike 1-2: Ball 2-2: Strikes out swinging
|
| Top of the 4th over - 1 run, 2 hits, 0 errors, 1 left on base; New Hampshire 1 - Frisco 4 |
| BOTTOM OF THE 4TH |
|
Frisco RoughRiders batting - Pitching for New Hampshire Fisher Cats : RHP Niclas Boman
|
|
Batting: RHB Nate Taylor
|
0-0: SINGLE (Line Drive, 6D, EV 97.5 MPH)
|
|
Batting: RHB Darnell Jones
|
0-0: Called Strike 0-1: Ball 1-1: Ball 2-1: Fielders Choice at 2nd, 4-6 (Groundball, 4, EV 89.4 MPH)
|
|
Batting: RHB Brandon Davis
|
0-0: Ball Darnell Jones is caught stealing 2nd base 2-4 1-0: Ball 2-0: SINGLE (Line Drive, 7S, EV 93.1 MPH)
|
|
Batting: RHB Zhi-bin Ou-yang
|
0-0: Ball 1-0: Ball 2-0: Ball Pickoff Throw by Catcher to First - Out!
|
| Bottom of the 4th over - 0 runs, 2 hits, 0 errors, 0 left on base; New Hampshire 1 - Frisco 4 |
| TOP OF THE 5TH |
|
New Hampshire Fisher Cats batting - Pitching for Frisco RoughRiders : RHP Matt Stutzman
|
|
Batting: SHB Spencer Jones
|
0-0: Called Strike 0-1: Ball 1-1: Swinging Strike 1-2: Strikes out swinging, 2-3 out at first.
|
|
Batting: RHB Donny Burnside
|
0-0: Ball 1-0: Foul Ball, location: 2F 1-1: Ball 2-1: Fly out, F9 (Flyball, 9S, EV 84.4 MPH)
|
|
Batting: LHB Jose Bregaro
|
0-0: Called Strike 0-1: Ball 1-1: Ground out 4-3 (Groundball, 4, EV 80.0 MPH)
|
| Top of the 5th over - 0 runs, 0 hits, 0 errors, 0 left on base; New Hampshire 1 - Frisco 4 |
| BOTTOM OF THE 5TH |
|
Frisco RoughRiders batting - Pitching for New Hampshire Fisher Cats : RHP Niclas Boman
|
|
Batting: RHB Zhi-bin Ou-yang
|
0-0: Called Strike 0-1: Ball 1-1: Foul Ball, location: 2F 1-2: Fly out, F9 (Flyball, 9D, EV 103.1 MPH)
|
|
Batting: LHB Gabriel Graves
|
0-0: Called Strike 0-1: Ball 1-1: Foul Ball, location: 2F 1-2: Ball 2-2: Ball 3-2: Base on Balls
|
|
Batting: LHB Alfonso Collazo
|
0-0: Ball Gabriel Graves is caught stealing 2nd base 2-6 1-0: Called Strike 1-1: Ball 2-1: Fly out, F7 (Flyball, 7, EV 78.1 MPH)
|
| Bottom of the 5th over - 0 runs, 0 hits, 0 errors, 0 left on base; New Hampshire 1 - Frisco 4 |
| TOP OF THE 6TH |
|
New Hampshire Fisher Cats batting - Pitching for Frisco RoughRiders : RHP Matt Stutzman
|
|
Batting: RHB Eddie LaRose
|
0-0: Called Strike 0-1: Foul Ball, location: 2F 0-2: Foul Ball, location: 2F 0-2: Ball 1-2: Foul Ball, location: 2F 1-2: Strikes out swinging
|
|
Pitching: RHP Jesse Lawlis
|
|
|
Batting: SHB Eduardo Maldonado
|
0-0: Called Strike 0-1: Swinging Strike 0-2: Ground out 4-3 (Groundball, 4D, EV 101.2 MPH)
|
|
Batting: RHB Nikita Schram
|
0-0: Ball 1-0: Called Strike 1-1: Swinging Strike 1-2: Foul Ball, location: 2F 1-2: Strikes out swinging
|
| Top of the 6th over - 0 runs, 0 hits, 0 errors, 0 left on base; New Hampshire 1 - Frisco 4 |
| BOTTOM OF THE 6TH |
|
Frisco RoughRiders batting - Pitching for New Hampshire Fisher Cats : RHP Niclas Boman
|
|
Batting: LHB Justin Balthazor
|
0-0: Ball 1-0: Called Strike 1-1: Called Strike 1-2: Foul Ball, location: 2F 1-2: Ball 2-2: Ball 3-2: Fly out, F8 (Flyball, 89S, EV 92.5 MPH)
|
|
Batting: RHB Shoh Tanioka
|
0-0: SINGLE (Groundball, 6MD, EV 100.0 MPH)
|
|
Batting: LHB Mike Sammons
|
0-0: Foul Ball, location: 2F 0-1: Swinging Strike 0-2: Ball 1-2: Fly out, F7 (Flyball, 7, EV 97.5 MPH)
|
|
Batting: RHB Nate Taylor
|
0-0: Fly out, F7 (Flyball, 78M, EV 91.9 MPH)
|
| Bottom of the 6th over - 0 runs, 1 hit, 0 errors, 1 left on base; New Hampshire 1 - Frisco 4 |
| TOP OF THE 7TH |
|
New Hampshire Fisher Cats batting - Pitching for Frisco RoughRiders : RHP Jesse Lawlis
|
|
Now at 1B: Ian Beeching
|
|
|
Batting: RHB Charles Marcel
|
0-0: Swinging Strike 0-1: Ball 1-1: Foul Ball, location: 2F 1-2: Foul Ball, location: 2F 1-2: Strikes out swinging
|
|
Batting: RHB Jorge Baret
|
0-0: Foul Ball, location: 2F 0-1: Called Strike 0-2: Ball 1-2: Ball 2-2: Fly out, F7 (Flyball, 7LD, EV 91.2 MPH)
|
|
Batting: RHB Cyril Husson
|
0-0: Called Strike 0-1: Foul Ball, location: 2F 0-2: Foul Ball, location: 2F 0-2: Ball 1-2: Ground out U3 (Groundball, 3L, EV 102.5 MPH)
|
| Top of the 7th over - 0 runs, 0 hits, 0 errors, 0 left on base; New Hampshire 1 - Frisco 4 |
| BOTTOM OF THE 7TH |
|
Frisco RoughRiders batting - Pitching for New Hampshire Fisher Cats : RHP Niclas Boman
|
|
Batting: RHB Darnell Jones
|
0-0: Ball 1-0: Called Strike 1-1: Swinging Strike 1-2: Foul Ball, location: 2F 1-2: Ball 2-2: Strikes out swinging
|
|
Batting: RHB Brandon Davis
|
0-0: Ball 1-0: Foul Ball, location: 2F 1-1: Ball 2-1: Ball 3-1: Foul Ball, location: 2F 3-2: Foul Ball, location: 2F 3-2: Strikes out swinging
|
|
Batting: RHB Zhi-bin Ou-yang
|
0-0: Ball 1-0: Called Strike 1-1: Swinging Strike 1-2: Strikes out looking
|
| Bottom of the 7th over - 0 runs, 0 hits, 0 errors, 0 left on base; New Hampshire 1 - Frisco 4 |
| TOP OF THE 8TH |
|
New Hampshire Fisher Cats batting - Pitching for Frisco RoughRiders : RHP Jesse Lawlis
|
|
Batting: SHB Spencer Jones
|
0-0: Ball 1-0: Ball 2-0: Called Strike 2-1: Foul Ball, location: 2F 2-2: Strikes out swinging
|
|
Batting: RHB Donny Burnside
|
0-0: Called Strike 0-1: Ball 1-1: Ball 2-1: Swinging Strike 2-2: Foul Ball, location: 2F 2-2: Foul Ball, location: 2F 2-2: Ground out 4-3 (Groundball, 4, EV 86.2 MPH)
|
|
Pitching: RHP Nobuo Okazaki
|
|
|
Batting: LHB Jose Bregaro
|
0-0: Ball 1-0: Called Strike 1-1: Ball 2-1: Swinging Strike 2-2: Ground out 1-3 (Groundball, 13S, EV 72.5 MPH)
|
| Top of the 8th over - 0 runs, 0 hits, 0 errors, 0 left on base; New Hampshire 1 - Frisco 4 |
| BOTTOM OF THE 8TH |
|
Frisco RoughRiders batting - Pitching for New Hampshire Fisher Cats : RHP Niclas Boman
|
|
Pitching: RHP Doug Seliger
|
|
|
Batting: LHB Gabriel Graves
|
0-0: Ball 1-0: Foul Ball, location: 2F 1-1: Ball 2-1: Ball 3-1: Swinging Strike 3-2: Base on Balls
|
|
Batting: LHB Alfonso Collazo
|
0-0: DOUBLE (Flyball, 78D, EV 111.2 MPH) Gabriel Graves to third
|
|
Batting: RHB Ian Beeching
|
0-0: Foul Ball, location: 2F 0-1: Ball 1-1: Foul Ball, location: 2F 1-2: Fly out, F9 (Line Drive, 9, EV 87.5 MPH)
|
|
Batting: RHB Shoh Tanioka
|
0-0: Called Strike 0-1: Foul Ball, location: 2F 0-2: Foul Ball, location: 2F 0-2: Ball 1-2: Strikes out looking
|
|
Batting: LHB Mike Sammons
|
0-0: Ball 1-0: Foul Ball, location: 2F 1-1: DOUBLE (Flyball, 8RXD, EV 92.5 MPH) Gabriel Graves scores Alfonso Collazo scores
|
|
Batting: RHB Nate Taylor
|
0-0: Ball Wild Pitch! Mike Sammons to third 1-0: Foul Ball, location: 2F 1-1: Swinging Strike 1-2: Strikes out swinging
|
| Bottom of the 8th over - 2 runs, 2 hits, 0 errors, 1 left on base; New Hampshire 1 - Frisco 6 |
| TOP OF THE 9TH |
|
New Hampshire Fisher Cats batting - Pitching for Frisco RoughRiders : RHP Nobuo Okazaki
|
|
Batting: RHB Eddie LaRose
|
0-0: Ball 1-0: Fly out, F7 (Flyball, 7LM, EV 90.0 MPH)
|
|
Batting: SHB Eduardo Maldonado
|
0-0: Called Strike 0-1: SINGLE (Groundball, 34S, EV 75.0 MPH) (infield hit)
|
|
Batting: RHB Nikita Schram
|
0-0: Ball 1-0: Called Strike 1-1: Ball 2-1: SINGLE (Flyball, 8LS, EV 87.5 MPH) Eduardo Maldonado to second
|
|
Batting: RHB Charles Marcel
|
0-0: Called Strike 0-1: Swinging Strike 0-2: Strikes out looking
|
|
Batting: RHB Jorge Baret
|
0-0: Ground out 1-3 (Groundball, 13S, EV 70.6 MPH)
|
| Top of the 9th over - 0 runs, 2 hits, 0 errors, 2 left on base; New Hampshire 1 - Frisco 6 |
|